AoeStats
← gokaydesign

Arena

509705381Analyzed
3v3 RM · 6d ago on Sep 27, 2026· 91m 40s· 6 players
Game mode
Random Map
Map size
Normal (6 player)
Population
200
Speed
Normal
Resources
Standard
Victory
Conquest
Starting age
Dark Age
Ending age
Imperial Age
RankedLock teamsTeams togetherTeam positionsShared explorationLock speedFull tech treeHidden civsTurbo modeCheats
Victory
Defeat
🇹🇷 Slavs · Türkiye
1206
+12
🇹🇷 Berbers · Türkiye
1060
+18
🇹🇷 Hindustanis · Türkiye
1018
+18
🇹🇼 Franks · Taiwan
1104
-16
🇹🇼 Turks · Taiwan
1103
-16
🇹🇼 Saxons · Taiwan
1092
-16
gokaydesign
1:24 Loom
10:41 Feudal Age
11:57 Town Watch
16:22 Castle Age
15:46 Double-Bit Axe
17:24 Scale Barding Armor
17:52 Man-at-Arms
19:13 Husbandry
19:13 Horse Collar
21:13 Long Swordsman
24:10 Ballistics
24:19 Bloodlines
25:48 Wheelbarrow
27:45 Stone Mining
29:33 Stone Shaft Mining
28:48 Gold Mining
31:28 Hand Cart
33:09 Fortified Wall
36:14 Imperial Age
34:39 Town Patrol
34:39 Murder Holes
34:55 Masonry
35:09 Fletching
35:29 Forging
35:20 Scale Mail Armor
38:20 Chemistry
37:26 Bodkin Arrow
37:47 Chain Mail Armor
37:33 Padded Archer Armor
39:06 Heavy Camel Rider
39:54 Heavy Plow
43:35 Chain Barding Armor
43:53 Iron Casting
43:34 Chain Mail Armor
43:19 Padded Archer Armor
43:15 Bodkin Arrow
44:40 Bow Saw
45:23 Conscription
47:07 Chemistry
45:45 Elite Skirmisher
46:49 Leather Archer Armor
46:34 Light Cavalry
48:18 Gold Shaft Mining
49:02 Grand Trunk Road
49:45 Guard Tower
50:04 Siege Engineers
51:00 Hoardings
50:37 Elite Genitour
58:33 Plate Barding Armor
58:30 Ring Archer Armor
62:49 Blast Furnace
61:29 Imperial Camel Rider
61:29 Hussar
ozkanda
12:03 Feudal Age
12:07 Loom
14:03 Double-Bit Axe
14:00 Horse Collar
17:22 Castle Age
17:00 Gold Mining
17:00 Stone Mining
18:01 Wheelbarrow
19:32 Bow Saw
24:38 Fletching
24:49 Padded Archer Armor
26:42 Padded Archer Armor
27:53 Bodkin Arrow
28:47 Ballistics
29:42 Thumb Ring
30:41 Kasbah
31:42 Gold Shaft Mining
31:08 Heavy Plow
31:33 Bloodlines
31:23 Husbandry
32:08 Leather Archer Armor
31:58 Scale Barding Armor
35:18 Imperial Age
33:46 Hand Cart
36:35 Conscription
35:49 Elite Camel Archer
37:04 Bracer
37:25 Chain Barding Armor
38:15 Chemistry
38:10 Maghrebi Camels
40:35 Ring Archer Armor
40:46 Plate Barding Armor
40:23 Forging
40:52 Siege Engineers
41:50 Elite Genitour
43:13 Murder Holes
43:05 Arrowslits
50:00 Crop Rotation
51:29 Iron Casting
50:16 Heavy Camel Rider
58:38 Caravan
67:43 Light Cavalry
71:33 Blast Furnace
84:35 Hussar
88:49 Masonry
90:25 Guilds
1453sultan
10:05 Feudal Age
12:13 Wheelbarrow
14:57 Castle Age
13:51 Horse Collar
14:06 Double-Bit Axe
18:19 Scale Barding Armor
21:27 Husbandry
21:37 Bloodlines
23:15 Chain Barding Armor
24:27 Forging
29:52 Iron Casting
31:46 Bow Saw
35:46 Imperial Age
33:04 Town Watch
33:05 Loom
36:09 Hand Cart
35:54 Town Patrol
36:00 Cavalier
36:09 Capped Ram
37:54 Two-Man Saw
37:31 Plate Barding Armor
37:44 Ballistics
39:02 Blast Furnace
38:03 Padded Archer Armor
37:48 Elite Skirmisher
38:23 Fletching
38:10 Elite Genitour
39:17 Scale Mail Armor
41:15 Leather Archer Armor
40:58 Bodkin Arrow
40:25 Pikeman
41:05 Squires
42:10 Chain Mail Armor
41:33 Siege Ram
43:57 Ring Archer Armor
45:02 Detinets
48:18 Gold Mining
48:18 Stone Mining
48:07 Halberdier
49:19 Plate Mail Armor
64:47 Conscription
77:53 Light Cavalry
81:16 Crossbowman
81:20 Hussar
beauty viper
12:40 Feudal Age
16:23 Castle Age
20:23 Imperial Age
21:37 Padded Archer Armor
30:34 Fortified Wall
30:17 Stone Mining
33:22 Loom
33:43 Town Watch
34:33 Leather Archer Armor
34:33 Masonry
35:57 Architecture
37:29 Wheelbarrow
37:22 Ballistics
37:32 Conscription
37:37 Double-Bit Axe
37:33 Horse Collar
38:44 Scale Barding Armor
38:46 Husbandry
39:37 Bloodlines
39:40 Heavy Camel Rider
40:42 Chain Barding Armor
41:14 Forging
42:30 Bow Saw
43:28 Plate Barding Armor
46:33 Iron Casting
48:35 Gold Mining
49:14 Hand Cart
49:00 Town Patrol
50:45 Two-Man Saw
49:53 Heavy Plow
55:25 Blast Furnace
66:16 Thumb Ring
68:49 Fletching
78:06 Scale Mail Armor
79:04 Squires
81:40 Chain Mail Armor
83:26 Plate Mail Armor
90:23 Bodkin Arrow
91:31 Ring Archer Armor
91:26 Bracer
aquarius0124
10:16 Feudal Age
14:26 Castle Age
12:30 Double-Bit Axe
12:55 Horse Collar
17:39 Loom
18:28 Squires
18:24 Town Watch
24:21 Wheelbarrow
25:04 Heavy Plow
25:15 Bow Saw
30:11 Imperial Age
27:36 Stone Mining
27:37 Gold Mining
30:16 Arson
31:28 Conscription
31:21 Gambesons
31:45 Scale Mail Armor
31:56 Forging
33:08 Siege Engineers
32:45 Treadmill Crane
34:56 Fortified Wall
34:39 Fletching
35:05 Chain Mail Armor
36:18 Hand Cart
37:57 Iron Casting
38:07 Pikeman
38:41 Elite Skirmisher
39:27 Thumb Ring
40:24 Gold Shaft Mining
40:41 Crop Rotation
40:22 Bodkin Arrow
40:57 Plate Mail Armor
41:15 Shield Wall
42:21 Halberdier
43:22 Padded Archer Armor
43:23 Bracer
44:24 Leather Archer Armor
44:22 Capped Ram
44:56 Elite Varangian Guard
47:31 Ring Archer Armor
47:12 Siege Ram
48:28 Shield Wall
50:52 Hoardings
49:40 Elite Hearth Troop
57:28 Onager
61:35 Chemistry
60:55 Ballistics
60:47 Masonry
71:49 Two-Man Saw
85:02 Scale Barding Armor
85:11 Caravan
Chia
11:02 Feudal Age
12:11 Double-Bit Axe
15:05 Castle Age
20:36 Scale Barding Armor
23:27 Wheelbarrow
23:40 Chain Barding Armor
23:34 Husbandry
23:51 Gold Mining
29:51 Gold Shaft Mining
29:34 Forging
29:18 Stone Mining
30:09 Hand Cart
31:12 Iron Casting
30:27 Loom
31:48 Fletching
32:20 Town Watch
36:56 Imperial Age
36:54 Fortified Wall
37:07 Cavalier
37:22 Elite Throwing Axeman
38:43 Conscription
39:47 Plate Barding Armor
40:40 Hoardings
41:19 Blast Furnace
41:07 Ballistics
40:53 Siege Engineers
40:46 Bodkin Arrow
41:12 Paladin
43:57 Bow Saw
44:04 Chivalry
48:12 Scale Mail Armor
49:13 Chain Mail Armor
50:26 Chemistry
49:22 Murder Holes
49:38 Masonry
51:53 Light Cavalry
54:09 Padded Archer Armor
55:03 Architecture
54:16 Treadmill Crane
54:20 Elite Skirmisher
56:53 Leather Archer Armor
56:25 Pikeman
57:06 Squires
56:51 Arson
58:11 Halberdier
71:25 Capped Ram
Connection lost

Rejoining the realm…

Still unreachable

The connection could not be restored.

Session expired

The server has moved on; the page needs a fresh start.